TOP OF THE 1ST |
Bismark Border Guards batting - Pitching for Menlo Maniacs : RHP Carlos Rodríguez
|
Pitching: RHP Carlos Rodríguez
|
|
Batting: LHB Juan Viera
|
0-0: Called Strike 0-1: Ball 1-1: Swinging Strike 1-2: SINGLE (Flyball, 4MD)
|
Batting: RHB Pedro Rodríguez
|
0-0: Foul Ball, location: 2F 0-1: Ball 1-1: Ball 2-1: Swinging Strike 2-2: Strikes out looking
|
Batting: RHB Jacob Hill
|
Pickoff Throw to First - Out! 0-0: Called Strike 0-1: Ball 1-1: Swinging Strike 1-2: Ball 2-2: Ball 3-2: Foul Ball, location: 2F 3-2: Base on Balls
|
Batting: RHB Enrique Soto
|
0-0: Called Strike 0-1: Foul Ball, location: 2F 0-2: Strikes out swinging
|
Top of the 1st over - 0 run(s), 1 hit(s), 0 error(s), 1 left on base; Bismark 0 - Menlo 0 |
BOTTOM OF THE 1ST |
Menlo Maniacs batting - Pitching for Bismark Border Guards : RHP Jeff Alexander
|
Pitching: RHP Jeff Alexander
|
|
Batting: RHB Manuel Alonso
|
0-0: Ball 1-0: Foul Ball, location: 2F 1-1: Foul Ball, location: 2F 1-2: Fly out, F7 (Line Drive, 7)
|
Batting: RHB Gilberto León
|
0-0: Foul Ball, location: 2F 0-1: Foul Ball, location: 2F 0-2: Foul Ball, location: 2F 0-2: Foul Ball, location: 2F 0-2: SINGLE (Line Drive, 9S)
|
Batting: LHB Tim Ramsey
|
0-0: Ball 1-0: SINGLE (Groundball, 34D) Gilberto León to second Runner from 2nd tries for 3rd, SAFE, no throw
|
Batting: RHB Jason Blair
|
0-0: Ball 1-0: SINGLE (Groundball, 56D) Gilberto León scores Tim Ramsey to second
|
Batting: LHB Robby Lawson
|
0-0: Ball 1-0: Ball 2-0: Ball 3-0: Base on Balls Tim Ramsey to third Jason Blair to second
|
Batting: LHB Bernardo Rodríguez
|
0-0: Ball 1-0: Called Strike 1-1: Ball 2-1: Ball 3-1: Foul Ball, location: 2F 3-2: SINGLE (Groundball, 34D) Tim Ramsey scores Jason Blair to third Robby Lawson to second Runner from 3rd tries for Home, SAFE, no throw
|
Batting: RHB Byron Bracy
|
0-0: Grounds into double play, U5-3 (Groundball, 5L)
|
Bottom of the 1st over - 3 run(s), 4 hit(s), 0 error(s), 1 left on base; Bismark 0 - Menlo 3 |
TOP OF THE 2ND |
Bismark Border Guards batting - Pitching for Menlo Maniacs : RHP Carlos Rodríguez
|
Batting: SHB Vicente Pagán
|
0-0: Swinging Strike 0-1: Reached on error, E4 (Groundball, 4)
|
Batting: RHB Danny Spode
|
0-0: Ball 1-0: Fly out, F8 (Flyball, 8LD) Runner from 2nd tags up, SAFE at 3rd, no throw
|
Batting: LHB Manuel Pérez
|
0-0: Ball 1-0: Ball 2-0: Fly out, F8 (Flyball, 8RD) Runner from 3rd tags up, SCORES, no throw
|
Batting: LHB Darren Cook
|
0-0: Called Strike 0-1: Swinging Strike 0-2: Foul Ball, location: 2F 0-2: Ball 1-2: Ball 2-2: Fly out, F5 (Popup, 5D)
|
Top of the 2nd over - 1 run(s), 0 hit(s), 1 error(s), 0 left on base; Bismark 1 - Menlo 3 |
BOTTOM OF THE 2ND |
Menlo Maniacs batting - Pitching for Bismark Border Guards : RHP Jeff Alexander
|
Batting: RHB Clinton Barton
|
0-0: Ball 1-0: Called Strike 1-1: Ball 2-1: Fly out, F9 (Flyball, 9LS)
|
Batting: LHB Tristan Walker
|
0-0: Foul Ball, location: 2F 0-1: Swinging Strike 0-2: Ball 1-2: Ball 2-2: Strikes out swinging, 2-3 out at first.
|
Batting: RHB Manuel Alonso
|
0-0: Ball 1-0: Ball 2-0: Ball 3-0: Base on Balls
|
Batting: RHB Gilberto León
|
0-0: TRIPLE (Flyball, 9LM) Manuel Alonso scores
|
Batting: LHB Tim Ramsey
|
0-0: Ball 1-0: Ball 2-0: Ball 3-0: Called Strike 3-1: Called Strike 3-2: Foul Ball, location: 2F 3-2: Base on Balls
|
Batting: RHB Jason Blair
|
0-0: Ball 1-0: SINGLE (Groundball, 34D) Gilberto León scores Tim Ramsey to second Runner from 2nd tries for 3rd, SAFE, throw made to third
|
Batting: LHB Robby Lawson
|
0-0: Ball 1-0: Called Strike 1-1: Called Strike 1-2: Ball Jason Blair steals 2nd base 2-2: Foul Ball, location: 2F 2-2: Foul Ball, location: 2F 2-2: Fly out, F8 (Line Drive, 8RM)
|
Bottom of the 2nd over - 2 run(s), 2 hit(s), 0 error(s), 2 left on base; Bismark 1 - Menlo 5 |
TOP OF THE 3RD |
Bismark Border Guards batting - Pitching for Menlo Maniacs : RHP Carlos Rodríguez
|
Batting: RHB António Martínez
|
0-0: Ground out 6-3 (Groundball, 6)
|
Batting: LHB Juan Viera
|
0-0: Foul Ball, location: 2F 0-1: Foul Ball, location: 2F 0-2: Ground out 4-3 (Groundball, 4)
|
Batting: RHB Pedro Rodríguez
|
0-0: Ball 1-0: Ball 2-0: Called Strike 2-1: Ball 3-1: Ground out 6-3 (Groundball, 6)
|
Top of the 3rd over - 0 run(s), 0 hit(s), 0 error(s), 0 left on base; Bismark 1 - Menlo 5 |
BOTTOM OF THE 3RD |
Menlo Maniacs batting - Pitching for Bismark Border Guards : RHP Jeff Alexander
|
Batting: LHB Bernardo Rodríguez
|
0-0: Ground out U3 (Groundball, 34S)
|
Batting: RHB Byron Bracy
|
0-0: Foul Ball, location: 2F 0-1: Ball 1-1: Fly out, F7 (Flyball, 7)
|
Batting: RHB Clinton Barton
|
0-0: Ball 1-0: Called Strike 1-1: Ball 2-1: Foul Ball, location: 2F 2-2: Strikes out looking
|
Bottom of the 3rd over - 0 run(s), 0 hit(s), 0 error(s), 0 left on base; Bismark 1 - Menlo 5 |
TOP OF THE 4TH |
Bismark Border Guards batting - Pitching for Menlo Maniacs : RHP Carlos Rodríguez
|
Batting: RHB Jacob Hill
|
0-0: Ground out 5-3 (Groundball, 56S)
|
Batting: RHB Enrique Soto
|
0-0: Called Strike 0-1: Ball 1-1: Swinging Strike 1-2: SINGLE (Flyball, 8LS)
|
Batting: SHB Vicente Pagán
|
0-0: Ball 1-0: Foul Ball, location: 2F 1-1: Ball 2-1: Ball 3-1: Fly out, F9 (Line Drive, 9D)
|
Batting: RHB Danny Spode
|
0-0: Ball 1-0: Fly out, F8 (Flyball, 8LM)
|
Top of the 4th over - 0 run(s), 1 hit(s), 0 error(s), 1 left on base; Bismark 1 - Menlo 5 |
BOTTOM OF THE 4TH |
Menlo Maniacs batting - Pitching for Bismark Border Guards : RHP Jeff Alexander
|
Batting: LHB Tristan Walker
|
0-0: Called Strike 0-1: Ball 1-1: Fly out, F7 (Flyball, 7S)
|
Batting: RHB Manuel Alonso
|
0-0: Called Strike 0-1: Ball 1-1: Foul Ball, location: 2F 1-2: Strikes out swinging
|
Batting: RHB Gilberto León
|
0-0: Ball 1-0: Fly out, F7 (Flyball, 7D)
|
Bottom of the 4th over - 0 run(s), 0 hit(s), 0 error(s), 0 left on base; Bismark 1 - Menlo 5 |
TOP OF THE 5TH |
Bismark Border Guards batting - Pitching for Menlo Maniacs : RHP Carlos Rodríguez
|
Batting: LHB Manuel Pérez
|
0-0: Fly out, F3 (Popup, 3L)
|
Batting: LHB Darren Cook
|
0-0: Foul Ball, location: 2F 0-1: Fly out, F7 (Line Drive, 78D)
|
Batting: RHB António Martínez
|
0-0: Ball 1-0: Called Strike 1-1: Ball 2-1: Ground out 6-3 (Groundball, 6)
|
Top of the 5th over - 0 run(s), 0 hit(s), 0 error(s), 0 left on base; Bismark 1 - Menlo 5 |
BOTTOM OF THE 5TH |
Menlo Maniacs batting - Pitching for Bismark Border Guards : RHP Jeff Alexander
|
Batting: LHB Tim Ramsey
|
0-0: Called Strike 0-1: Fly out, F9 (Line Drive, 9LM)
|
Batting: RHB Jason Blair
|
0-0: Fly out, F8 (Flyball, 8LM)
|
Batting: LHB Robby Lawson
|
0-0: Ball 1-0: Fly out, F7 (Flyball, 7S)
|
Bottom of the 5th over - 0 run(s), 0 hit(s), 0 error(s), 0 left on base; Bismark 1 - Menlo 5 |
TOP OF THE 6TH |
Bismark Border Guards batting - Pitching for Menlo Maniacs : RHP Carlos Rodríguez
|
Batting: LHB Juan Viera
|
0-0: Ball 1-0: Swinging Strike 1-1: Called Strike 1-2: Ball 2-2: Ball 3-2: Foul Ball, location: 2F 3-2: Foul Ball, location: 2F 3-2: Ground out U3 (Groundball, 3)
|
Batting: RHB Pedro Rodríguez
|
0-0: Called Strike 0-1: Ball 1-1: Foul Ball, location: 2F 1-2: Foul Ball, location: 2F 1-2: Ball 2-2: Foul Ball, location: 2F 2-2: Strikes out swinging
|
Batting: RHB Jacob Hill
|
0-0: Fly out, F8 (Flyball, 78D)
|
Top of the 6th over - 0 run(s), 0 hit(s), 0 error(s), 0 left on base; Bismark 1 - Menlo 5 |
BOTTOM OF THE 6TH |
Menlo Maniacs batting - Pitching for Bismark Border Guards : RHP Jeff Alexander
|
Batting: LHB Bernardo Rodríguez
|
0-0: Foul Ball, location: 2F 0-1: Ground out 1-3 (Groundball, P)
|
Batting: RHB Byron Bracy
|
0-0: Fly out, F8 (Flyball, 8LM)
|
Batting: RHB Clinton Barton
|
0-0: Ball 1-0: Ball 2-0: Ball 3-0: Called Strike 3-1: Foul Ball, location: 2F 3-2: Fly out, F9 (Flyball, 89D)
|
Bottom of the 6th over - 0 run(s), 0 hit(s), 0 error(s), 0 left on base; Bismark 1 - Menlo 5 |
TOP OF THE 7TH |
Bismark Border Guards batting - Pitching for Menlo Maniacs : RHP Carlos Rodríguez
|
Batting: RHB Enrique Soto
|
0-0: Fly out, F9 (Flyball, 9S)
|
Batting: SHB Vicente Pagán
|
0-0: Called Strike 0-1: Ground out 4-3 (Groundball, 34)
|
Batting: RHB Danny Spode
|
0-0: Foul Ball, location: 2F 0-1: Ball 1-1: Called Strike 1-2: Ball 2-2: Fly out, F6 (Popup, 6D)
|
Top of the 7th over - 0 run(s), 0 hit(s), 0 error(s), 0 left on base; Bismark 1 - Menlo 5 |
BOTTOM OF THE 7TH |
Menlo Maniacs batting - Pitching for Bismark Border Guards : RHP Jeff Alexander
|
Batting: LHB Tristan Walker
|
0-0: Swinging Strike 0-1: Called Strike 0-2: SINGLE (Groundball, 4MD)
|
Batting: RHB Manuel Alonso
|
0-0: Ball 1-0: Foul Ball, location: 2F 1-1: Fly out, F9 (Flyball, 9LS)
|
Batting: RHB Gilberto León
|
0-0: Swinging Strike 0-1: Ball 1-1: SINGLE (Groundball, 3D) Tristan Walker to second Throwing error, E9 Tristan Walker scores Gilberto León to second
|
Pitching: LHP Bartolomeo Balsamo
|
|
Batting: LHB Tim Ramsey
|
0-0: Ball 1-0: Fly out, F9 (Line Drive, 89M)
|
Batting: RHB Jason Blair
|
0-0: Foul Ball, location: 2F 0-1: Ball 1-1: Ball 2-1: Foul Ball, location: 2F 2-2: SINGLE (Flyball, 89S) Gilberto León to third Runner from 3rd tries for Home, SAFE, throw made home Jason Blair to second
|
Batting: LHB Robby Lawson
|
0-0: Ground out 6-3 (Groundball, 6)
|
Bottom of the 7th over - 2 run(s), 3 hit(s), 1 error(s), 1 left on base; Bismark 1 - Menlo 7 |
TOP OF THE 8TH |
Bismark Border Guards batting - Pitching for Menlo Maniacs : RHP Carlos Rodríguez
|
Now in RF: Joe Smith
|
|
Batting: LHB Manuel Pérez
|
0-0: Called Strike 0-1: Called Strike 0-2: Ball 1-2: Ball 2-2: Ball 3-2: Strikes out looking
|
Batting: LHB Darren Cook
|
0-0: Foul Ball, location: 2F 0-1: DOUBLE (Line Drive, 89D)
|
Batting: RHB António Martínez
|
0-0: Ball 1-0: Foul Ball, location: 2F 1-1: Swinging Strike 1-2: Ground out 5-3 (Groundball, 56S) Darren Cook to third
|
Pitching: RHP Fernando Valdés
|
|
Batting: LHB Juan Viera
|
0-0: Ball 1-0: Ball 2-0: Called Strike 2-1: Swinging Strike 2-2: Ball 3-2: Strikes out looking
|
Top of the 8th over - 0 run(s), 1 hit(s), 0 error(s), 1 left on base; Bismark 1 - Menlo 7 |
BOTTOM OF THE 8TH |
Menlo Maniacs batting - Pitching for Bismark Border Guards : LHP Bartolomeo Balsamo
|
Batting: LHB Bernardo Rodríguez
|
0-0: Foul Ball, location: 2F 0-1: Called Strike 0-2: Foul Ball, location: 2F 0-2: Foul Ball, location: 2F 0-2: Ball 1-2: Ball 2-2: SINGLE (Groundball, 34D)
|
Batting: RHB Byron Bracy
|
0-0: Called Strike 0-1: Ball 1-1: Foul Ball, location: 2F 1-2: Ball 2-2: Ball 3-2: Base on Balls Bernardo Rodríguez to second
|
Batting: RHB Clinton Barton
|
0-0: Ball 1-0: Ball 2-0: Ball 3-0: Called Strike 3-1: SINGLE (Flyball, 9LS) Bernardo Rodríguez to third Byron Bracy to second Runner from 3rd tries for Home, SAFE, no throw
|
Batting: LHB Tristan Walker
|
0-0: Grounds into double play, 6-4-3 (Groundball, 6M) Byron Bracy to third
|
Batting: RHB Manuel Alonso
|
0-0: Fly out, F6 (Line Drive, 6)
|
Bottom of the 8th over - 1 run(s), 2 hit(s), 0 error(s), 1 left on base; Bismark 1 - Menlo 8 |
TOP OF THE 9TH |
Bismark Border Guards batting - Pitching for Menlo Maniacs : RHP Fernando Valdés
|
Batting: RHB Pedro Rodríguez
|
0-0: Called Strike 0-1: Ball 1-1: Foul Ball, location: 2F 1-2: Ball 2-2: Fly out, F8 (Flyball, 8RM)
|
Batting: RHB Jacob Hill
|
0-0: Swinging Strike 0-1: Fly out, F5 (Line Drive, 5S)
|
Batting: RHB Enrique Soto
|
0-0: Ball 1-0: Called Strike 1-1: Ball 2-1: SINGLE (Line Drive, 78S)
|
Batting: SHB Vicente Pagán
|
0-0: Ball 1-0: Foul Ball, location: 2F 1-1: Foul Ball, location: 2F 1-2: Ground out U3 (Groundball, 3)
|
Top of the 9th over - 0 run(s), 1 hit(s), 0 error(s), 1 left on base; Bismark 1 - Menlo 8 |
|